 Seeded DCSS version 0.28-a0-804-g60983d4ba9 (webtiles) character file.

Game seed: 20211108 (custom seed)

45 a11behringer the Skirmisher (level 3, 0/30 HPs)
             Began as a Formicid Abyssal Knight on Nov 8, 2021.
             Was a Believer of Lugonu.
             Slain by a bat (1 damage)
             ... on level 2 of the Dungeon.
             The game lasted 00:04:09 (1086 turns).

a11behringer the Skirmisher (FoAK)                  Turns: 1086, Time: 00:04:10

Health: 0/30       AC:  3    Str: 18    XL:     3   Next: 90%
Magic:  4/4        EV: 11    Int:  9    God:    Lugonu [**....]
Gold:   22         SH:  0    Dex: 11    Spells: 2/2 levels left

rFire   . . .      SeeInvis +   a - +1 spear
rCold   . . .      Faith    .   (no shield)
rNeg    . . .      Spirit   .   b - +0 leather armour
rPois   .          Reflect  .   (helmet unavailable)
rElec   .          Harm     .   (no cloak)
rCorr   .          Rampage  .   (no gloves)
Will    .....                   (no boots)
Stlth   +.........              (no amulet)
HPRegen 0.10/turn               (no ring)
MPRegen 0.09/turn               (no ring)

@: no status effects
A: permanent stasis, dig shafts and tunnels, antennae 3, four strong arms
a: Dig, Shaft Self, Renounce Religion, Depart the Abyss, Bend Space


You were on level 2 of the Dungeon.
You worshipped Lugonu.
Lugonu was pleased with you.
You visited 1 branch of the dungeon, and saw 2 of its levels.
You visited the Abyss 1 time.

You collected 22 gold pieces.

Inventory:

Hand Weapons
 a - a +1 spear (weapon)
 c - a +0 hunting sling
Missiles
 e - 20 sling bullets
Armour
 b - a +0 leather armour (worn)
Scrolls
 f - a scroll of torment {unknown}
Potions
 d - a potion of heal wounds {unknown}


   Skills:
 + Level 4.0 Fighting
 * Level 3.0 Polearms
 + Level 2.5 Armour
 - Level 0.8 Dodging
 + Level 2.3 Invocations


You had 2 spell levels left.
You didn't know any spells.
Your spell library contained the following spells:

 Spells                   Type           Power      Damage    Failure   Level
 Lesser Beckoning         Tloc           0%         N/A       82%         3
 Manifold Assault         Tloc           0%         N/A       100%        5
 Blink                    Tloc           Unusable   N/A       N/A         2

Dungeon Overview and Level Annotations

Branches:
Dungeon (2/15)

Altars:


Innate Abilities, Weirdness & Mutations

You cannot be hasted, slowed, berserked, paralysed or teleported.
You can dig through walls and to a lower floor.
You have a pair of large antennae on your head. (SInv)
Your four strong arms can wield two-handed weapons with a shield.


Message History

The bat hits you but does no damage. The worm misses you.
The frilled lizard bites you but does no damage.
You hit the worm.
The worm is heavily wounded.
You feel sick.
You are no longer poisoned.
The bat closely misses you. x2; The frilled lizard barely misses you.
You barely miss the worm.
The worm is heavily wounded.
The bat barely misses you. The worm bites you.
* * * LOW HITPOINT WARNING * * *
You puncture the worm!
The worm is almost dead.
The bat barely misses you. The frilled lizard bites you.
* * * LOW HITPOINT WARNING * * *
The bat misses you.
You hit the worm.
You kill the worm!
Lugonu accepts your kill. The bat hits you but does no damage.
The frilled lizard bites you.
* * * LOW HITPOINT WARNING * * *
Your Polearms skill increases to level 3!
You hit the frilled lizard.
You kill the frilled lizard!
Lugonu accepts your kill. The bat closely misses you.
The bat barely misses you. The bat closely misses you.
The bat hits you but does no damage. The bat hits you but does no damage.
The bat hits you.
* * * LOW HITPOINT WARNING * * *
The bat barely misses you. The bat barely misses you.
You miss the bat. The bat closely misses you. x2
You barely miss the bat. The bat hits you but does no damage.
You hit the bat.
The bat is heavily wounded.
The bat hits you.
You die...

####.#.# ######....# #....#.#
#....#.... ## ##.##.#.#
#.#....... ... ##.....#.#
.......##.#.# .......#.##
##..........#
##........#######......$..#.#
>..................†.........
.##.#.......#####b...#.......
.##.####........@..#.........
.##...........####$###.......
.###†######.#.# #.# +##....
.....######...# ... ....
.#..........#.#.#.... ...
...#####........#..... .. ###
#.#..##..##.#### ####.#......
#.# #...........##


You could see a bat.

Vanquished Creatures
  2 adders (D:2)
  A worm (D:2)
  A dart slug (D:1)
  2 endoplasms (D:1)
  4 goblins
  2 hobgoblins (D:1)
  A ball python (D:1)
  4 bats
  3 frilled lizards
  2 kobolds (D:1)
  3 rats (D:1)
25 creatures vanquished.

Notes
Turn   | Place    | Note
-------+----------+-------------------------------------------
     0 | Abyss:1  | a11behringer the Formicid Abyssal Knight began the quest
                  | for the Orb.
     0 | Abyss:1  | Reached XP level 1. HP: 18/18 MP: 2/2
    23 | Abyss:1  | Found a corrupted altar of Lugonu.
    44 | Abyss:1  | Found a shimmering blue altar of Sif Muna.
    46 | D:1      | Escaped the Abyss
   154 | D:1      | Reached XP level 2. HP: 22/24 MP: 3/3
   983 | D:2      | Reached XP level 3. HP: 29/30 MP: 4/4
   985 | D:2      | Reached ** piety under Lugonu
  1065 | D:2      | Reached skill level 4 in Fighting
  1072 | D:2      | HP: 1/30 [frilled lizard (1)]
  1081 | D:2      | HP: 1/30 [bat (1)]
  1086 | D:2      | Slain by a bat

Illustrated notes

Levels and vault maps discovered:
D:1:      heliophobic_arrival_battle_scene, layout_loops_ring, hex_tiny,
          serial_bayou_crossing
D:2:      layout_basic, fountainhead, uniq_robin

Skill      XL: |  1  2  3 |
---------------+----------+-----
Fighting       | 4 |  4.0
Polearms       | 3 |  3.0
Armour         | |  2.5
Dodging        | |  0.8
Invocations    | |  2.3

Action                   || total
-------------------------++-------
Melee: Spear             ||    85
 Abil: Dig               ||     1
Armor: Leather armour    ||    27
Dodge: Dodged            ||    61

Table legend: (Time is in decaauts)
 A = Elapsed time spent in this place.
 B = Non-inter-level travel time spent in this place.
 C = Inter-level travel time spent in this place.
 D = Time resting spent in this place.
 E = Time spent auto-exploring this place.
 F = Levels seen in this place.
 G = Mean time per level.
                   A        B        C        D        E       F      G
               +--------+--------+--------+--------+--------+-----+--------+
         Total |   1089 |    940 |    149 |      0 |    709 |   3 |  363.0 |
       Dungeon |   1043 |    894 |    149 |      0 |    709 |   2 |  521.5 |
         Abyss |     46 |     46 |      0 |      0 |      0 |   1 |   46.0 |
               +--------+--------+--------+--------+--------+-----+--------+

Top non-repeatable levels by time:
     D:1: 931 daAuts
     D:2: 112 daAuts
 Abyss:1: 46 daAuts
